 Dungeon Crawl Stone Soup version 0.27-a0-1196-g3e9cee4cb2 (webtiles) character file.

Game seed: 9349807667248673839

18909 wakim the Thaumaturge (level 13, -2/97 HPs)
             Began as a Djinni Conjurer on May 28, 2021.
             Was a High Priest of Makhleb.
             Shot with an arrow by a centaur warrior (19 damage)
             ... on level 14 of the Dungeon.
             The game lasted 00:39:27 (12061 turns).

wakim the Thaumaturge (Djinni Conjurer)            Turns: 12061, Time: 00:39:28

Health: -2/97      AC: 24    Str:  6    XL:     13   Next: 0%
Gold:   1151       EV: 13    Int: 23    God:    Makhleb [*****.] SH:  5 Dex: 14

rFire    + + .     SeeInvis .   b - staff of cold
rCold    . . .     Faith    .   k - +0 buckler {rPois}
rNeg     . . .     Spirit   .   j - +0 troll leather armour {Purgy}
rPois    ∞         Reflect  .   A - +1 helmet
rElec    .         Harm     .   c - +1 cloak
rCorr    .         Rampage  .   o - +2 pair of gloves
Will     ++...                  (boots unavailable)
Stlth    ++........             (no amulet)
HPRegen  1.26/turn              m - +4 ring of protection
MPRegen  0.00/turn              z - ring of willpower

@: ice-armoured, flying
A: sickness immunity, fire resistance 2, cold vulnerability 1, float, innate
caster, hp casting, extra vitality 1
a: Renounce Religion, Minor Destruction, Lesser Servant of Makhleb, Major
Destruction, Greater Servant of Makhleb


You were on level 14 of the Dungeon.
You worshipped Makhleb.
Makhleb was extremely pleased with you.
You visited 2 branches of the dungeon, and saw 14 of its levels.
You also visited: Sewer and Bailey.

You collected 1151 gold pieces.

Inventory:

Hand Weapons
 p - a +2 dagger of flaming
Missiles
 s - a curare-tipped dart {=f}
 y - a throwing net {=f!f}
Armour
 c - a +1 cloak (worn)
 j - a +0 troll leather armour (worn) {Purgy}
 k - a +0 buckler of poison resistance (worn)
 o - a +2 pair of gloves (worn)
 A - a +1 helmet (worn)
Magical Staves
 a - a staff of conjuration
 b - a staff of cold (weapon)
Jewellery
 h - a ring of willpower
 m - a +4 ring of protection (left hand)
 w - a ring of positive energy
 z - a ring of willpower (right hand)
Wands
 t - a wand of digging (2)
 u - a wand of mindburst (12)
 v - a wand of flame (15)
 x - a wand of charming (10)
 D - a wand of iceblast (8)
Scrolls
 f - 2 scrolls of enchant armour
 n - 3 scrolls of enchant weapon
 r - 2 scrolls of identify
 E - a scroll of vulnerability {unknown}
 T - 2 scrolls of teleportation
Potions
 d - a potion of resistance {unknown}
 e - 3 potions of curing {unknown}
 g - a potion of brilliance {unknown}
 i - 2 potions of magic {unknown}
 l - a potion of ambrosia {unknown}
 q - a potion of cancellation {unknown}
 B - a potion of attraction {!q}
 C - 3 potions of berserk rage {!q}
 J - 3 potions of heal wounds
 L - a potion of lignification {!q}


   Skills:
 + Level 10.5 Fighting
 + Level 4.9 Dodging
 - Level 1.5 Stealth
 - Level 4.0 Shields
 * Level 11.3 Spellcasting
 - Level 8.6 Invocations
 + Level 1.7 Evocations


You had one spell level left.
You knew the following spells:

 Your Spells              Type           Power      Damage    Failure   Level
a - Magic Dart            Conj           100%       1d8       1%          1
b - Dazzling Flash        Conj/Hex       100%       N/A       1%          3
c - Apportation           Tloc           100%       N/A       1%          1
d - Ensorcelled Hibernat  Hex/Ice        100%       N/A       1%          2
e - Ozocubu's Armour      Ice            78%        N/A       1%          3
f - Hailstorm             Conj/Ice       78%        3d16      1%          4
g - Irradiate             Conj/Tmut      30%        3d23      1%          5
q - Sticky Flame          Conj/Fire      60%        2d8       1%          4
s - Searing Ray           Conj           100%       3d7       1%          2
x - Iskenderun's Mystic   Conj/Tloc      60%        2d13      1%          4
z - Fulminant Prism       Conj/Hex       30%        3d16      1%          4
Your spell library was empty.

Dungeon Overview and Level Annotations

Branches:
Dungeon (12/15)            Temple (1/1) D:4            Lair (0/6) D:9
    Orc (0/2) D:9           Sewer (visited)          Bailey (visited)

Altars:
Ashenzari
Cheibriados
Dithmenos
Elyvilon
Fedhas
Gozag
Hepliaklqana
Kikubaaqudgha
Makhleb
Nemelex Xobeh
Okawaru
Qazlal
Ru
Sif Muna
Trog
Uskayaw
Vehumet
Wu Jian
Xom
Yredelemnul
Zin
The Shining One

Shops:
D:10 :

Annotations:
D:3 3 runed translucent doors, senseless's ghost, amateur DgTm


Innate Abilities, Weirdness & Mutations

You are immune to sickness and miasma.
You are immune to poison.
Your flesh is very heat resistant. (rF++)
You are vulnerable to cold. (rC-)
You float through the air rather than walking.
You learn spells naturally, not from books.
Your magical power is your life essence.
You have superior vitality. (+4 HP)


Message History

* * * LOW HITPOINT WARNING * * *
Casting: Sticky Flame (mildly dangerous; 1% risk of failure)
Confirm with . or Enter, or press ? or * to list all spells.
Aiming: Sticky Flame (mildly dangerous; 1% risk of failure)
Press: ? - help, Shift-Dir - straight line, f - centaur, p - centaur
Aim: a centaur, quivering arrows (100% to hit)
The sticky flame hits the centaur!
The centaur is heavily wounded.
The centaur is covered in liquid flames!
* * * LOW HITPOINT WARNING * * *
The centaur warrior burns!
The centaur burns! x2
You block the centaur's attack.
The centaur kicks you but does no damage.
The centaur hits you but does no damage.
The centaur barely misses you. The centaur warrior barely misses you.
You block the centaur warrior's attack. The centaur hits you.
* * * LOW HITPOINT WARNING * * *
The centaur barely misses you.
Casting: Sticky Flame (mildly dangerous; 1% risk of failure)
Confirm with . or Enter, or press ? or * to list all spells.
You erupt in a blast of force!
The mystic blast hits the centaur warrior!!
The centaur warrior is severely wounded.
The centaur warrior is knocked back by the mystic blast.
The mystic blast hits the centaur!!
You kill the centaur!
Makhleb accepts your kill.
You feel better.
The mystic blast hits the centaur.
The centaur is severely wounded.
The mystic blast hits the centaur!!
You kill the centaur!
Makhleb accepts your kill.
You feel better.
* * * LOW HITPOINT WARNING * * *
You hear a roar!
The centaur warrior burns!
The centaur burns!
The centaur closely misses you. The centaur barely misses you.
The centaur warrior wields a +0 shortbow.
The centaur warrior shoots an arrow.
The arrow hits you!!
You die...

#.... #......# +...#
###......# #...#
........# #...# .......#
#...# ......# #...#
.....#
###+####.†.#######....#
.....))..........#....#
......c@.........#....#
.......).........##'###.
.....c..................
............P.....#.....
≈≈≈≈≈≈≈≈≈≈≈≈≈≈D...#.####
≈≈≈≈≈≈≈≈≈≈≈≈≈≈....#.#
≈≈≈≈≈≈≈#####≈≈....#.+
.......#QKK#≈≈....#.# #.
#≈≈....#.#


You could see a four-headed hydra, a centaur warrior (burning), 2 kobold
demonologists and a centaur (burning).

Vanquished Creatures
  Snorg (D:11)
  Erolcha (D:9)
  Harold (D:10)
  2 boulder beetles
  2 two-headed ogres
  An ugly thing (D:12)
  A cyclops (D:10)
  Maurice (D:9)
  Maggie (D:10)
  An unseen horror (D:11)
  A freezing wraith (D:10)
  2 trolls
  A hornet (D:9)
  A raiju (D:14)
  4 slime creatures (D:9)
  2 shadows
  A wyvern (D:7)
  A wraith (D:9)
  23 yaks
  2 steam dragons (D:8)
  6 vampire mosquitoes
  2 wargs (D:9)
  An acid dragon (D:9)
  2 hell hounds (D:14)
  3 water moccasins
  9 orc warriors
  An ice beast (D:6)
  2 ogres
  Purgy (Sewer)
  2 black bears (D:4)
  4 boggarts (D:14)
  6 centaurs
  A phantom (D:4)
  A kobold brigand (D:7)
  3 bullfrogs
  A wyvern zombie (D:7)
  A water moccasin zombie (D:6)
  3 killer bees (D:8)
  7 howler monkeys
  6 crimson imps (D:7)
  3 bullfrog zombies
  5 centaur zombies
  7 hounds
  2 jellies
  5 orc priests
  A bullfrog skeleton (D:5)
  A gnoll shaman (D:8)
  3 iguanas
  3 centaur skeletons
  8 orc wizards
  A killer bee zombie (D:8)
  A hound skeleton (D:5)
  9 gnolls
  A howler monkey zombie (D:9)
  6 adders
  A howler monkey skeleton (D:7)
  2 shadow imps
  2 white imps (D:7)
  An ufetubus (D:6)
  An adder skeleton (D:5)
  An adder zombie (D:5)
  6 dart slugs
  36 orcs
  6 ball pythons
  8 bats
  6 endoplasms
  4 giant cockroaches
  14 goblins
  9 hobgoblins
  10 jackals
  6 quokkas
  5 frilled lizards
  23 kobolds
  11 rats
320 creatures vanquished.

Vanquished Creatures (others)
  25 fulminant prisms
  A plant (D:9)
26 creatures vanquished.

Grand Total: 346 creatures vanquished

Notes
Turn   | Place    | Note
-------+----------+-------------------------------------------
     0 | D:1      | wakim the Djinni Conjurer began the quest for the Orb.
     0 | D:1      | Reached XP level 1. HP: 15/15 MP: 0/0
   251 | D:1      | Found a faded altar of an unknown god.
   277 | D:1      | Reached XP level 2. HP: 14/22 MP: 0/0
   585 | D:1      | Reached skill level 1 in Fighting
   802 | D:1      | Reached XP level 3. HP: 26/27 MP: 0/0
   802 | D:1      | Learned a level 1 spell: Apportation
  1459 | D:2      | Reached skill level 4 in Spellcasting
  1459 | D:2      | Reached XP level 4. HP: 29/33 MP: 0/0
  1576 | D:2      | Found a basalt altar of Yredelemnul.
  2228 | D:2      | Reached XP level 5. HP: 37/38 MP: 0/0
  2228 | D:2      | Learned a level 2 spell: Ensorcelled Hibernation
  2842 | D:3      | Found an ornate altar of the Wu Jian Council.
  3607 | D:3      | Reached XP level 6. HP: 38/45 MP: 0/0
  3748 | D:3      | Found a runed translucent gate.
  3748 | D:3      | Found a runed translucent gate.
  3749 | D:3      | Found a runed translucent gate.
  3750 | D:3      | Noticed senseless's ghost (amateur DgTm)
  4206 | D:4      | Noticed a water moccasin
  4209 | D:4      | Reached skill level 5 in Spellcasting
  4570 | D:4      | Killed a water moccasin
  4571 | D:4      | Reached XP level 7. HP: 39/50 MP: 0/0
  4571 | D:4      | Learned a level 3 spell: Ozocubu's Armour
  5051 | D:4      | Found a staircase to the Ecumenical Temple.
  5069 | D:4      | Reached skill level 6 in Spellcasting
  5075 | Temple   | Entered the Ecumenical Temple
  5154 | Temple   | Became a worshipper of Makhleb the Destroyer
  5282 | D:4      | Reached XP level 8. HP: 44/58 MP: 0/0
  5405 | D:4      | Identified a scroll of acquirement
  5405 | D:4      | Acquired a staff of conjuration
  5409 | D:5      | Entered Level 5 of the Dungeon
  5434 | D:5      | Found a glowing drain.
  5449 | Sewer    | Entered a sewer
  5522 | Sewer    | Noticed Purgy
  5529 | Sewer    | Killed Purgy
  5703 | D:5      | Reached skill level 1 in Invocations
  5718 | D:5      | Reached skill level 5 in Fighting
  6204 | D:6      | Reached * piety under Makhleb
  6229 | D:6      | Reached XP level 9. HP: 65/66 MP: 0/0
  6229 | D:6      | Learned a level 4 spell: Hailstorm
  6425 | D:6      | Reached skill level 7 in Spellcasting
  6884 | D:7      | Found a flagged portal.
  6902 | Bailey   | Entered a bailey
  6934 | Bailey   | Reached ** piety under Makhleb
  7025 | Bailey   | Found a bloodstained altar of Trog.
  7154 | D:7      | Reached skill level 1 in Shields
  7485 | D:7      | Found an iron altar of Okawaru.
  7540 | D:7      | Reached XP level 10. HP: 75/75 MP: 0/0
  8397 | D:7      | Reached *** piety under Makhleb
  8455 | D:8      | Reached skill level 8 in Spellcasting
  8856 | D:8      | Reached skill level 5 in Invocations
  8928 | D:8      | Found a white marble altar of Elyvilon.
  8951 | D:8      | Found a sacrificial altar of Ru.
  9011 | D:9      | Reached XP level 11. HP: 81/81 MP: 0/0
  9011 | D:9      | Learned a level 4 spell: Sticky Flame
  9064 | D:9      | Found a staircase to the Lair.
  9065 | D:9      | Reached **** piety under Makhleb
  9066 | D:9      | Reached skill level 9 in Spellcasting
  9086 | D:9      | Noticed Maurice
  9157 | D:9      | Killed Maurice
  9270 | D:9      | Found a staircase to the Orcish Mines.
  9493 | D:9      | Noticed Erolcha
  9500 | D:9      | Killed Erolcha
  9830 | D:9      | Identified the +1 leather armour of the Invisible Artists
                  | {Rampage Str+3}
  9912 | D:10     | Entered Level 10 of the Dungeon
 10201 | D:10     | Found Jaabiust's Book Boutique.
 10216 | D:10     | Noticed a cyclops
 10227 | D:10     | Killed a cyclops
 10228 | D:10     | Reached skill level 10 in Spellcasting
 10348 | D:10     | Noticed Maggie
 10355 | D:10     | Killed Maggie
 10432 | D:10     | Noticed Harold
 10445 | D:10     | Killed Harold
 10446 | D:10     | Reached XP level 12. HP: 74/90 MP: 0/0
 10574 | D:10     | Noticed a two-headed ogre
 10580 | D:10     | Killed a two-headed ogre
 10616 | D:10     | Found a basalt altar of Yredelemnul.
 10622 | D:10     | Found a shimmering altar of Xom.
 10790 | D:11     | Noticed Snorg
 10799 | D:11     | Killed Snorg
 10962 | D:11     | Reached skill level 10 in Fighting
 11116 | D:11     | Noticed a boulder beetle
 11126 | D:11     | Killed a boulder beetle
 11347 | D:11     | Noticed a two-headed ogre
 11355 | D:11     | Killed a two-headed ogre
 11356 | D:11     | Reached skill level 11 in Spellcasting
 11814 | D:12     | Noticed a boulder beetle
 11950 | D:12     | Killed a boulder beetle
 11951 | D:12     | Reached skill level 1 in Evocations
 11954 | D:12     | You are sucked into a shaft and drop 2 floors!
 11959 | D:14     | Noticed a four-headed hydra
 11982 | D:14     | Noticed a two-headed ogre
 12035 | D:14     | Noticed a skeletal warrior
 12038 | D:14     | Noticed a skeletal warrior
 12038 | D:14     | Noticed a four-headed hydra
 12038 | D:14     | Noticed a centaur warrior
 12039 | D:14     | Reached ***** piety under Makhleb
 12040 | D:14     | Noticed a skeletal warrior
 12049 | D:14     | Noticed a centaur warrior
 12052 | D:14     | Reached XP level 13. HP: 40/97 MP: 0/0
 12052 | D:14     | Learned a level 5 spell: Irradiate
 12061 | D:14     | Shot with an arrow by a centaur warrior

Illustrated notes

Levels and vault maps discovered:
D:1:      dpeg_arrival_simpleton_c, layout_loops_ring,
          hellmonk_ecumenical_altar_lost_god
D:2:      layout_loops_ring, basic_altar, minmay_misc_feat_hallway, st_stairs_8
D:3:      layout_basic, old_standard_altar, gammafunk_ghost_necromancy
D:4:      black_bear_nest_2, layout_rooms, minmay_temple_entry_junction
D:5:      layout_loops_ring, portal_sewer_entry_f
D:6:      layout_loops_ring
D:7:      layout_layer_cave, lemuel_tele_altar, enter_bailey_5, minmay_nine_imps
D:8:      layout_rooms, general_overflow_altar, kennysheep_mini
D:9:      layout_long_grid, erik_lair_orcish_takeover, orc_0_dummy,
          kennysheep_cross_room, uniq_maurice, uniq_erolcha
D:10:     layout_roguey, minitemple, serial_shops, shop, uniq_maggie,
          uniq_harold
D:11:     layout_cave_pods, uniq_snorg
D:12:     minmay_expanding_circles, layout_basic, uniq_frances
D:14:     lemuel_castle_with_subvaults [lemuel_castle_interior_carwin_1],
          layout_irregular_city, hangedman_vaults_entry_quadrant_bands,
          ashenzari_conservatory_becter, minivault_4
Temple:   nicolae_temple_x_marks_the_god

Skill      XL: |  1  2  3  4  5  6  7  8  9 10 11 12 |
---------------+-------------------------------------+-----
Fighting       | 1 2 3 4 5 7 8 9 10 | 10.5
Spellcasting   | 4 5 6 7 8 10 11 | 11.3
Invocations    | 2 3 5 7 8 |  8.6
Dodging        | 3 4 |  4.9
Shields        | 2 4 |  4.0
Evocations     | 1 |  1.7
Stealth        | |  1.5

Action                   |  1- 3 |  4- 6 |  7- 9 | 10-12 | 13-15 || total
-------------------------+-------+-------+-------+-------+-------++-------
Melee: Staff             |       |       |       |     5 |       ||     5
 Cast: Magic Dart        |    45 |    45 |    65 |    16 |       ||   171
       Searing Ray       |     4 |    29 |    50 |    83 |     1 ||   167
       Iskenderun's Myst |       |     3 |    12 |    63 |     1 ||    79
       Ozocubu's Armour  |       |       |     6 |    21 |     1 ||    28
       Fulminant Prism   |       |       |     4 |    21 |       ||    25
       Sticky Flame      |       |       |       |    22 |     3 ||    25
  Use: Scroll            |       |     6 |     6 |     6 |       ||    18
Armor: Robe              |       |     8 |    10 |       |       ||    18
       Troll leather arm |       |       |    21 |    40 |    21 ||    82
Dodge: Dodged            |     1 |     9 |    50 |    71 |    23 ||   154
Block: Buckler           |       |       |     6 |    25 |     9 ||    40

Table legend: (Time is in decaauts)
 A = Elapsed time spent in this place.
 B = Non-inter-level travel time spent in this place.
 C = Inter-level travel time spent in this place.
 D = Time resting spent in this place.
 E = Time spent auto-exploring this place.
 F = Levels seen in this place.
 G = Mean time per level.
                   A        B        C        D        E       F      G
               +--------+--------+--------+--------+--------+-----+--------+
         Total |  12061 |  11670 |    391 |    603 |   9332 |  16 |  753.8 |
       Dungeon |  11626 |  11244 |    382 |    559 |   9120 |  13 |  894.3 |
        Temple |     89 |     80 |      9 |      0 |     57 |   1 |   89.0 |
         Sewer |    183 |    183 |      0 |     44 |    103 |   1 |  183.0 |
        Bailey |    160 |    160 |      0 |      0 |     52 |   1 |  160.0 |
               +--------+--------+--------+--------+--------+-----+--------+

Top non-repeatable levels by time:
     D:3: 1671 daAuts
     D:1: 1455 daAuts
     D:7: 1381 daAuts
     D:2: 1344 daAuts
    D:10: 980 daAuts
     D:9: 931 daAuts
    D:11: 915 daAuts
     D:4: 849 daAuts
     D:6: 705 daAuts
     D:5: 582 daAuts
     D:8: 556 daAuts
   Sewer: 183 daAuts
  Bailey: 160 daAuts
    D:12: 145 daAuts
    D:14: 107 daAuts
